 Dungeon Crawl Stone Soup version 0.30.1 (webtiles) character file.

Game seed: 18223502978089680149

170 LordWeiramon the Covered (level 5, -7/37 HPs)
             Began as a Human Wanderer on July 13, 2023.
             Mangled by a gnoll
             ... wielding a +0 flail
              (8 damage)
             ... on level 2 of the Dungeon.
             The game lasted 00:26:40 (2626 turns).

LordWeiramon the Covered (Human Wanderer)           Turns: 2626, Time: 00:26:40

Health: -7/37      AC:  8    Str: 16    XL:     5   Next: 80%
Magic:  8/8        EV:  9    Int: 14    God:
Gold:   136        SH:  0    Dex:  9    Spells: 8/8 levels left

rFire   . . .        k - +0 spear
rCold   . . .        (no shield)
rNeg    . . .        c - +0 scale mail
rPois   .            (no helmet)
rElec   .            (no cloak)
rCorr   .            (no gloves)
SInv    .            h - +0 pair of boots
Will    .....        (no amulet) Stlth
                     (no ring)
HPRegen 0.26/turn    (no ring)
MPRegen 0.11/turn

%: no passive effects
@: no status effects
A: no striking features
a: no special abilities


You were on level 2 of the Dungeon.
You visited 1 branch of the dungeon, and saw 3 of its levels.

You collected 136 gold pieces.

Inventory:

Hand Weapons
 b - a +0 halberd
 k - a +0 spear (weapon)
Armour
 c - a +0 scale mail (worn)
 h - a +0 pair of boots (worn)
Scrolls
 d - a scroll of identify {unknown}
 e - a scroll of teleportation
 f - a scroll of fog
 i - a scroll of amnesia {unknown}
 j - a scroll of blinking {unknown}
Potions
 g - a potion of berserk rage {unknown}


   Skills:
 + Level 1.5 Fighting
 - Level 2.0 Maces & Flails
 - Level 4.0 Polearms
 - Level 5.0 Armour
 - Level 2.0 Spellcasting
 - Level 2.0 Hexes
 - Level 1.0 Earth Magic


You had 8 spell levels left.
You didn't know any spells.
Your spell library contained the following spells:

 Spells                   Type           Power      Damage    Failure   Level
 Slow                     Hex            28%        N/A       34%         1
 Sandblast                Erth           8%         2d5       45%         1
 Confusing Touch          Hex            7%         N/A       71%         3
 Portal Projectile        Hex/Tloc       8%         N/A       83%         3
 Stone Arrow              Conj/Erth      4%         3d7       88%         3


Dungeon Overview and Level Annotations

Branches:
Dungeon (3/15)

Altars:
Xom


Message History

The gnoll barely misses you. The gnoll barely misses you.
You climb upwards.
There is a stone staircase leading down, spattered with blood here.
You hit the gnoll.
The gnoll is moderately wounded.
The gnoll hits you with a +0 flail.
You barely miss the gnoll.
The gnoll is moderately wounded.
The gnoll hits you with a +0 flail.
You closely miss the gnoll.
The gnoll is moderately wounded.
The gnoll barely misses you.
You barely miss the gnoll.
The gnoll is moderately wounded.
You closely miss the gnoll.
The gnoll is moderately wounded.
The gnoll hits you with a +0 flail.
You closely miss the gnoll.
The gnoll is moderately wounded.
The gnoll hits you with a +0 flail.
You hit the gnoll.
The gnoll is heavily wounded.
The gnoll hits you with a +0 flail.
You hit the gnoll.
The gnoll is severely wounded.
The gnoll hits you with a +0 flail.
* * * LOW HITPOINT WARNING * * *
You hit the gnoll.
The gnoll is almost dead.
The gnoll hits you with a +0 flail.
* * * LOW HITPOINT WARNING * * *
You hit the gnoll but do no damage.
The gnoll is almost dead.
The gnoll hits you with a +0 flail!
* * * LOW HITPOINT WARNING * * *
You closely miss the gnoll.
The gnoll is almost dead.
The gnoll hits you with a +0 flail!
You die...

#.# ####...........# #. #.#
#..............# ###. ##.##
#.#...#.#.#....######.#.
####...###...........†...........
#..............#.#.#.#.#####.....
#.##...#..........##.......)..>..
#.###............#####.#####.....
#.# #####......).# #.# ##.... #.#
#...####@# #.# ##.#. #.#
#...####g#####.# #.... #.#
#.............(# ##.## #.#
#...####.####### ###
#.#######...# #......#
............## ##.....#
#.########...# #.....# #.#
#.#.####.._..# #.#
#.#..).......##


You could see a gnoll.

Vanquished Creatures
  An orc priest (D:2)
  An orc wizard (D:2)
  6 gnolls
  2 worms (D:2)
  A dart slug (D:1)
  5 orcs
  7 endoplasms
  A giant cockroach (D:1)
  5 goblins
  3 hobgoblins (D:1)
  A quokka (D:1)
  3 ball pythons (D:1)
  2 bats
  4 frilled lizards
  3 kobolds
  4 rats
49 creatures vanquished.

Notes
Turn   | Place    | Note
-------+----------+-------------------------------------------
     0 | D:1      | LordWeiramon the Human Wanderer began the quest for the
                  | Orb.
     0 | D:1      | LordWeiramon set off with the following items: a +0 club, a
                  | scroll of fog, a +0 scale mail; and the following spells
                  | available to memorise: Slow, Sandblast, Confusing Touch,
                  | Portal Projectile, Stone Arrow.
     0 | D:1      | Reached XP level 1. HP: 13/13 MP: 3/3
    29 | D:1      | Found a faded altar of an unknown god.
    93 | D:1      | Reached skill level 1 in Maces & Flails
   149 | D:1      | Reached XP level 2. HP: 19/20 MP: 5/5
   301 | D:1      | Reached skill level 1 in Fighting
   597 | D:1      | Reached XP level 3. HP: 20/26 MP: 6/6
   961 | D:2      | Reached skill level 1 in Polearms
   971 | D:2      | Found a shimmering altar of Xom.
  1261 | D:2      | Reached XP level 4. HP: 17/32 MP: 7/7
  1719 | D:2      | Reached XP level 5. HP: 20/37 MP: 8/8
  2625 | D:2      | HP: 1/37 [gnoll/+0 flail (8)]
  2626 | D:2      | Mangled by a gnoll

Illustrated notes

Levels and vault maps discovered:
D:1:      shiori_arrival_maze, layout_rooms, shapermc_ecumenical_altar_gd,
          palyth_stone_intersect
D:2:      cheibrodos_pilgrimage, layout_loops_ring, basic_altar
D:3:      layout_rooms, serial_shops, shop_statue, st_stairs_7,
          minmay_misc_feat_alley, uniq_terence

Skill      XL: |  1  2  3  4  5 |
---------------+----------------+-----
Maces & Flails | 1 2 |  2.0
Fighting       | 1 |  1.5
Polearms       | 2 3 4 |  4.0
Armour         | |  5.0
Spellcasting   | |  2.0
Hexes          | |  2.0
Earth Magic    | |  1.0

Action                     |  1- 3 |  4- 6 || total
---------------------------+-------+-------++-------
  Melee: Club              |   106 |       ||   106
         Punch             |     4 |     2 ||     6
         Spear             |    55 |   157 ||   212
    Use: Potion            |     3 |       ||     3
         Scroll            |     1 |       ||     1
 Armour: Scale mail        |    57 |    50 ||   107
  Dodge: Dodged            |    56 |    53 ||   109
